 Dungeon Crawl Stone Soup version 0.31-a0-875-g02e7d12df6 (webtiles) character file.

Game seed: 10732348551129985981

2 Azuregosa the Sneak (level 1, 0/16 HPs)
             Began as an Octopode Delver on Oct 12, 2023.
             Hit by a stone thrown by a kobold (1 damage)
             ... on level 4 of the Dungeon.
             The game lasted 00:01:15 (102 turns).

Azuregosa the Sneak (Octopode Delver)                Turns: 102, Time: 00:01:16

Health: 0/16       AC:  1    Str: 11    XL:     1   Next: 40%
Magic:  1/1        EV: 13    Int: 12    God:
Gold:   0          SH:  0    Dex: 13    Spells: 0/0 levels left

rFire   . . .        a - +0 spear
rCold   . . .        (no shield)
rNeg    . . .        (helmet restricted)
rPois   .            (no amulet)
rElec   .            (no ring)
rCorr   .            (no ring)
SInv    .            (no ring)
Will    .....        (no ring)
Stlth   ++++         (no ring)
HPRegen 0.22/turn    (no ring)
MPRegen 0.07/turn    (no ring)
                     (no ring)

%: no passive effects
@: no status effects
A: almost no armour, amphibious, 8 rings, camouflage 1, gelatinous body 1,
(nimble swimmer 1), tentacles
a: no special abilities


You were on level 4 of the Dungeon.
You visited 1 branch of the dungeon, and saw 2 of its levels.

Inventory:

Hand Weapons
 a - a +0 spear (weapon)
Wands
 f - a wand of digging (3)
 h - a wand of acid (8)
Scrolls
 c - a scroll of revelation
 d - a scroll of fear
Potions
 e - a potion of haste
 g - a potion of brilliance {unknown}


   Skills:
 - Level 3.0 Fighting
 - Level 2.0 Polearms
 - Level 2.0 Dodging
 + Level 6.8 Stealth


You couldn't memorise any spells.
You didn't know any spells.
Your spell library was empty.

Dungeon Overview and Level Annotations

Branches:
Dungeon (5/15)
 Temple: D:4-7

Altars:
Qazlal

Annotations:
D:4 Dowan, Duvessa
D:5 Menkaure


Innate Abilities, Weirdness & Mutations

You cannot wear most types of armour.
You are amphibious.
You can wear up to eight rings at the same time.
Your skin changes colour to match your surroundings (Stealth+).
Your rubbery body absorbs attacks. (AC +1, EV +1)
((You are camouflaged when in or above water. (Stealth+)))
You have tentacles for arms and can constrict up to eight enemies at once.


Message History

The jackal barks!
You hit the giant cockroach. Your grab misses the giant cockroach.
The giant cockroach is severely wounded.
You hear a bark!
The giant cockroach bites you but does no damage.
Dowan, Brother of Duvessa comes into view.
He is wielding a +0 dagger.
Dowan shouts!
You hit the giant cockroach. Your grab misses the giant cockroach.
You squeeze the giant cockroach.
You kill the giant cockroach!
You hear a shout!
A jackal comes into view.
Dowan casts a spell at something.
The jackal barks!
You hit the jackal. You grab the jackal.
The jackal is almost dead.
You constrict the jackal, but do no damage.
The jackal bites you.
A jackal comes into view.
The kobold throws a stone.
The stone hits you. The jackal bites you.
The jackal moves out of view.
You barely miss the jackal.
The jackal is almost dead.
You constrict the jackal.
You kill the jackal!
Dowan mumbles some strange words.
Dowan blinks!
Press: ? - help, v - describe, . - travel
Here: Dowan, wielding a +0 dagger and wearing a +0 robe The floor.
Unknown command.
As you read the scroll of fog, it dissolves into smoke.
The kobold hits you with a +0 dagger. The jackal closely misses you.
The jackal barely misses you. Dowan gestures at you while chanting.
The puff of flame hits you!
Ouch! That really hurt!
* * * LOW HITPOINT WARNING * * *
The kobold throws a stone.
The stone hits you.
You die...

..#.........#
.....♣♣.♣♣..##
......♣.♣...#
....♣.....♣.#
...♣♣...♣♣.#
......§§§..#
..♣♣§K§♣♣.#
♣h§§e§♣..#
....§h♣@♣§...#
##...♣♣§♣♣...#
###. ... ...#
# .....#.##
#.....#.#
##......#
#......
#......#


You could see Dowan, a jackal and a kobold.

Vanquished Creatures
  A giant cockroach (D:4)
  A jackal (D:4)
2 creatures vanquished.

Notes
Turn   | Place    | Note
-------+----------+-------------------------------------------
     0 | D:5      | Azuregosa the Octopode Delver began the quest for the Orb.
     0 | D:5      | Reached XP level 1. HP: 16/16 MP: 1/1
    63 | D:5      | Noticed Menkaure
    65 | D:5      | Noticed an iguana
    67 | D:5      | Noticed an iguana
    68 | D:5      | Noticed a hound
    79 | D:4      | Noticed Duvessa
    86 | D:4      | Found a stormy altar of Qazlal.
    95 | D:4      | Noticed Dowan
   102 | D:4      | Hit by a stone thrown by a kobold

Illustrated notes

Levels and vault maps discovered:
D:4:      layout_basic, ashenzari_conservatory_becter, kennysheep_mini_moat,
          mainiacjoe_overflow_small_starburst, uniq_duvessa, uniq_edmund
D:5:      layout_rooms, nemelex_dance_club_becter, corexii_hall_statues_x,
          uniq_menkaure

Action                     || total
---------------------------++-------
  Melee: Spear             ||     4
         Constrict         ||     1
         Tentacles         ||     1
    Use: Scroll            ||     1
 Armour: Skin              ||     8
  Dodge: Dodged            ||     3

Table legend: (Time is in decaauts)
 A = Elapsed time spent in this place.
 B = Non-inter-level travel time spent in this place.
 C = Inter-level travel time spent in this place.
 D = Time resting spent in this place.
 E = Time spent auto-exploring this place.
 F = Levels seen in this place.
 G = Mean time per level.
                   A        B        C        D        E       F      G
               +--------+--------+--------+--------+--------+-----+--------+
         Total |    101 |    101 |      0 |      0 |     61 |   2 |   50.5 |
       Dungeon |    101 |    101 |      0 |      0 |     61 |   2 |   50.5 |
               +--------+--------+--------+--------+--------+-----+--------+

Top non-repeatable levels by time:
     D:5: 78 daAuts
     D:4: 23 daAuts
